 Dungeon Crawl Stone Soup version 0.16-a0-1083-g6a3eec8 (console) character file.

642833 clovis the Sorcerer (level 27, -24/171 HPs)
             Began as a Demonspawn Conjurer on Oct 2, 2014.
             Was the Champion of Vehumet.
             Killed from afar by a hellion (39 damage)
             ... with a burst of hellfire
             ... summoned by a shadow demon
             ... on level 10 of a ziggurat on Oct 5, 2014.
             The game lasted 14:48:17 (115103 turns).

clovis the Sorcerer (Demonspawn Conjurer)         Turns: 115103, Time: 14:48:17

HP -24/171       AC 19     Str 18      XL: 27
MP  37/48        EV 28     Int 39      God: Vehumet [******]
Gold 5394        SH 11     Dex 30      Spells: 12 memorised,  7 levels left

rFire  + . .     SeeInvis +     b - staff of energy
rCold  + . .     Clarity  .     y - +4 robe of Augmentation {Str+4 Dex+4 Int+4}
rNeg   + . .     rCorr    .     K - +3 buckler {AC+3}
rPois  .         rRot     .     (helmet unavailable)
rElec  .         Spirit   .     Q - +2 cloak of Elissa {rC+ rN+ Str+3 Stlth+}
SustAb .         Warding  .     O - +2 pair of gloves of Negation {Str+3 Dex+4 Int+2}
rMut   +         Stasis   .     u - +2 pair of boots {Stlth+}
Gourm  .                        R - amulet of resist mutation
MR     ++...                    x - +5 ring of intelligence
                                X - ring of Xeobibi {Dex+4 Int+2 SInv}

@: tornado, flying (expiring), very slightly contaminated, repel missiles, very
resistant to hostile enchantments, extremely stealthy
A: horns 3, repulsion field 3, fire resistance 1, hurl hellfire, frail 1,
powered by death 3, spiny 3, evolution 1, flame cloud immunity
a: Hellfire, Renounce Religion
}: 3/15 runes: decaying, slimy, gossamer


You were on level 10 of a ziggurat.
You worshipped Vehumet.
Vehumet was exalted by your worship.
You were not hungry.

You visited 12 branches of the dungeon, and saw 60 of its levels.
You visited Pandemonium 1 time, and saw 5 of its levels.
You visited 1 ziggurat, and saw 10 of its levels.
You also visited: Ossuary, Ice Cave and Wizlab.

You collected 10550 gold pieces.
You spent 5156 gold pieces at shops.

Inventory:

Hand weapons
 a - a +9 quick blade of stabbing
Armour
 u - a +2 pair of boots of stealth (worn)
 y - the +4 robe of Augmentation (worn) {Str+4 Dex+4 Int+4}
   (You found it on level 8 of a ziggurat)

   It affects your strength (+4).
   It affects your intelligence (+4).
   It affects your dexterity (+4).
 I - a +2 robe of the Archmagi
 K - a +3 buckler of protection (worn)
 O - the +2 pair of gloves of Negation (worn) {Str+3 Dex+4 Int+2}
   (You found it on level 6 of the Dungeon)

   It affects your strength (+3).
   It affects your intelligence (+2).
   It affects your dexterity (+4).
 Q - the +2 cloak of Elissa (worn) {rC+ rN+ Str+3 Stlth+}
   (You found it on level 10 of the Dungeon)

   It affects your strength (+3).
   It protects you from cold.
   It protects you from negative energy.
   It makes you more stealthy.
Magical devices
 f - a wand of disintegration (2)
 A - a wand of lightning (4)
 W - a wand of teleportation (6)
 Z - a wand of draining (6)
Comestibles
 j - 36 fruits
 n - 20 bread rations
Scrolls
 e - 5 scrolls of teleportation
 i - 11 scrolls of fear
 l - 13 scrolls of fog
 m - 6 scrolls of blinking
 p - 4 scrolls of recharging
 t - 29 scrolls of remove curse
 v - 18 scrolls of identify
 B - 4 scrolls of amnesia
 G - a scroll of enchant armour
 J - 4 scrolls of enchant weapon
 U - 4 scrolls of magic mapping
Jewellery
 w - an uncursed ring of protection from fire
 x - a +5 ring of intelligence (right hand)
 D - an uncursed ring of teleport control
 E - an uncursed ring of fire
 N - the ring of Suicidal Tendencies {rElec rC- rN+ Dex+3 Slay+3}
   (You took it off a hell knight on level 3 of the Crypt)

   [ring of slaying]

   It affects your dexterity (+3).
   It affects your accuracy and damage with ranged weapons and melee attacks
   (+3).
   It makes you vulnerable to cold.
   It insulates you from electricity.
   It protects you from negative energy.
 R - an amulet of resist mutation (around neck)
 V - an uncursed ring of protection from magic
 X - the ring of Xeobibi (left hand) {Dex+4 Int+2 SInv}
   (You found it on level 3 of the Swamp)

   [ring of see invisible]

   It affects your intelligence (+2).
   It affects your dexterity (+4).
   It enhances your eyesight.
 Y - the ring of Bituicad {rN+ Dex+2 Int+2}
   (You found it on level 3 of the Elven Halls)

   [ring of positive energy]

   It affects your intelligence (+2).
   It affects your dexterity (+2).
   It protects you from negative energy.
Potions
 g - 5 potions of heal wounds
 h - 7 potions of brilliance
 k - 18 potions of curing
 o - 4 potions of flight
 q - 4 potions of magic
 r - 2 potions of might
 z - 4 potions of cancellation
 C - 2 potions of haste
 L - a potion of restore abilities
 M - 5 potions of resistance
Books
 P - a book of Frost

   Spells                             Type                      Level
   Freeze                             Ice                          1
   Throw Frost                        Conjuration/Ice              2
   Ozocubu's Armour                   Charms/Ice                   3
   Throw Icicle                       Conjuration/Ice              4
   Summon Ice Beast                   Ice/Summoning                4
   Condensation Shield                Ice                          4
 T - Borgnjor's Grimoire of Sinister Rituals
   (You found it on level 6 of a ziggurat)

   Spells                             Type                      Level
   Animate Skeleton                   Necromancy                   1
   Regeneration                       Charms/Necromancy            3
   Vampiric Draining                  Necromancy                   3
   Control Undead                     Necromancy                   4
Magical staves
 b - an uncursed staff of energy (weapon)
 d - an uncursed staff of conjuration
Miscellaneous
 c - a legendary deck of destruction {the Orb, drawn: 2}
 s - a stone of tremors
 F - a fan of gales
 H - a phial of floods
Rods
 S - a +5 rod of clouds (10/10)
   (You took it off a wizard on level 3 of the Depths)


   Skills:
 - Level 10.0 Fighting
 + Level 9.9 Short Blades
 - Level 7.1 Armour
 - Level 10.0 Dodging
 - Level 10.7 Stealth
 + Level 7.3 Shields
 + Level 24.1 Spellcasting
 - Level 20.2 Conjurations
 - Level 5.0 Hexes
 - Level 5.0 Charms
 - Level 20.3 Fire Magic
 - Level 17.1 Air Magic
 - Level 10.2 Evocations


You had 7 spell levels left.
You knew the following spells:

 Your Spells              Type           Power        Failure   Level  Hunger
a - Magic Dart            Conj           ####         0%          1    None
b - Tornado               Air            ########..   9%          9    None
c - Dazzling Spray        Conj/Hex       #######.     0%          3    None
d - Abjuration            Summ           #####.....   1%          3    None
f - Bolt of Fire          Conj/Fire      ########..   1%          6    None
g - Iskenderun's Battles  Conj/Chrm      #######.     1%          5    None
h - Airstrike             Air            ########..   0%          4    None
i - Haste                 Chrm           ######..     10%         6    None
j - Orb of Destruction    Conj           ########..   1%          7    None
o - Invisibility          Hex            ######..     10%         6    None
w - Chain Lightning       Conj/Air       ########..   1%          8    None
x - Fire Storm            Conj/Fire      ########..   3%          9    None


Dungeon Overview and Level Annotations

Branches:
Dungeon (15/15)            Temple (1/1) D:4             Orc (4/4) D:11
    Elf (3/3) Orc:4          Lair (8/8) D:11          Swamp (5/5) Lair:6
 Spider (5/5) Lair:3        Slime (6/6) Lair:6       Vaults (4/5) D:14
  Crypt (3/3) Vaults:2       Tomb (0/3) Crypt:3      Depths (5/5) D:15
   Hell (1/1)
    Dis: Hell:1         Geh: Hell:1         Coc: Hell:1         Tar: Hell:1
    Zot: Depths:5

Altars:
Ashenzari
Cheibriados
Dithmenos
Elyvilon
Fedhas
Gozag
Kikubaaqudgha
Makhleb
Nemelex Xobeh
Okawaru
Qazlal
Ru
Sif Muna
Trog
Vehumet
Xom
Yredelemnul
Zin
The Shining One
Jiyva

Shops:
D:7 :   D:9 :   Orc:4 [?=*   Elf:1 [   Elf:2 [   Vaults:1 }   Vaults:4 !([
Depths:3 *

Portals:
Abyss: Depths:4
Pandemonium: Depths:3 Depths:4
Ziggurat: Depths:2

Annotations:
Hell Geryon


Innate Abilities, Weirdness & Mutations

You have a pair of large horns on your head.
You are surrounded by a strong repulsion field (EV +4, rMsl).
Your flesh is heat resistant.
You can hurl blasts of hellfire.
You can steal the life force of all defeated enemies in sight.
You are completely covered in sharp spines.
You are immune to clouds of flame.
You are frail (-10% HP).
You evolve.


Message History

The hell knight convulses!
Your body is wracked with pain!
The shadow demon gestures.
Casting: Tornado
Confirm with . or Enter, or press ? or * to list all spells.
There are friendlies around, are you sure you want to hurt them?
A great vortex of raging winds appears and lifts you up.
The tormentor calls on the powers of darkness!
The hell knight convulses!
Your body is wracked with pain!
* * * LOW HITPOINT WARNING * * *
You block the hellion's attack.
The tormentor calls on the powers of darkness!
The hell knight convulses!
Your body is wracked with pain!
* * * LOW HITPOINT WARNING * * *
You are engulfed in raging winds.
The tormentor calls on the powers of darkness!
Your body is wracked with pain!
* * * LOW HITPOINT WARNING * * *
The hellion gestures at you.
The hellfire explodes!
The burst of hellfire engulfs you!
You die...

▓▓▓ ▓▓▓▓▓§▓▓▓▓▓
▓▓▓...§§§§§§▓▓▓
▓▓.....§§§@§§§.▓▓
▓▓...)..§§Z2§§§..▓▓
▓.......2§§§§§....▓
▓.........§§§.....▓▓
▓)?§!..2Z2..........▓
▓/%(!.p44.#..2......▓
▓|v?$?..W...z2......▓▓
$>[)?§.##Z##.....∩..▓
∩}?$W.............▓▓
p§.....#.........▓
§v.§..............▓


You could see a reaper, a hell knight, 2 shadow demons, 2 orange demons, a
hellion, 2 tormentors, a hungry ghost, a flying skull, a sphinx zombie, a kobold
zombie and a swamp dragon skeleton.

Vanquished Creatures
  the royal jelly (Slime:6)
  An ancient lich (Crypt:3)
  Saint Roka (Vaults:1)
  Sojobo (Depths:4)
  the Lernaean hydra (Swamp:5)
  Margery (Crypt:3)
  Mara (Depths:3)
  5 pandemonium lords (Pan)
  A golden dragon (Depths:4)
  A bone dragon (Crypt:3)
  Arachne (Spider:2)
  2 Brimstone Fiends (Pan)
  3 Ice Fiends
  A tentacled monstrosity (Depths:4)
  A Cloud Mage (WizLab)
  2 deep elf blademasters (Elf:3)
  A quicksilver dragon (Depths:2)
  2 deep elf master archers (Elf:3)
  6 liches
  30 acid blobs
  5 Executioners (Pan)
  An eldritch tentacle (Pan)
  2 octopode crushers (Depths:1)
  A storm dragon (Depths:4)
  4 sphinxes
  Rupert (Spider:3)
  Agnes (Crypt:3)
  Frances (Spider:1)
  3 thorn hunters (Swamp:5)
  Kirke (Swamp:5)
  An ancient champion (Crypt:3)
  2 shadow dragons
  14 azure jellies
  Roxanne (Spider:4)
  6 tengu reavers
  2 revenants (Crypt:1)
  6 greater nagas
  10 fire giants
  Wiglaf (Spider:4)
  An iron dragon (Vaults:1)
  9 frost giants
  5 vault wardens
  10 deep elf sorcerers
  4 ghost moths
  Louise (D:15)
  A curse skull (Crypt:1)
  7 cacodemons (Pan)
  3 balrugs (Pan)
  Gastronok (D:8)
  7 emperor scorpions
  3 spriggan defenders
  Jorgrun (Swamp:5)
  A ghoul (Crypt:2)
  A stone giant (shapeshifter) (Zig:2)
  3 warmongers (Pan)
  19 large abominations
  12 very ugly things
  5 war gargoyles
  20 stone giants
  4 reapers
  4 bennus (Zig:7)
  3 blood saints (Pan)
  5 deep elf demonologists
  14 deep elf annihilators
  A corrupter (Pan)
  2 chaos champions (Pan)
  7 vampire knights
  3 black suns (Pan)
  5 dire elephants
  An unborn (Crypt:2)
  9 deep elf death magi
  6 eidola
  2 merfolk javelineers
  5 green deaths
  2 blizzard demons
  A minotaur (Depths:2)
  3 crystal guardians (Crypt:3)
  A quicksilver dragon zombie (Depths:4)
  7 fire dragons
  10 death oozes
  11 ettins
  14 ironheart preservers
  A very ugly thing skeleton (Depths:4)
  14 vault guards
  5 deep elf high priests
  9 yaktaur captains
  Fannar (D:13)
  5 jiangshi
  Harold (D:15)
  3 naga warriors
  2 quicksilver dragon skeletons
  12 ice dragons
  4 rakshasas
  17 monstrous demonspawn (Pan)
  12 great orbs of eyes
  Nessos (Orc:4)
  24 hydras
  3 ghost crabs
  A merfolk aquamancer (Zig:3)
  18 centaur warriors
  3 shambling mangroves (Swamp:5)
  5 spriggan air magi
  A death knight (Crypt:1)
  6 tengu warriors
  9 alligators
  15 deep troll shamans
  16 ogre magi
  4 vampire magi
  12 deep troll earth magi
  An anaconda (Zig:9)
  19 dancing weapons
  6 spriggan berserkers
  A spectral spriggan (Depths:4)
  2 titan zombies
  Urug (Orc:3)
  12 sun demons
  5 hell hogs
  4 catoblepae
  26 death yaks
  5 fire crabs
  4 soul eaters
  2 naga sharpshooters
  An iron golem (Depths:1)
  Nergalle (Lair:3)
  A titan skeleton (Depths:4)
  2 shock serpents
  3 orc high priests (Orc:4)
  2 storm dragon zombies
  19 hell knights
  31 deep elf knights
  29 skeletal warriors
  16 shadow demons
  21 infernal demonspawn (Pan)
  8 ice devils
  2 golden dragon zombies
  19 orb spiders
  Erolcha (D:8)
  A swamp dragon (shapeshifter) (Depths:2)
  2 salamander mystics
  2 spriggan druids
  7 iron trolls
  9 hill giants
  30 deep trolls
  4 shadow wraiths
  A sea snake (shapeshifter) (Depths:1)
  9 deep elf summoners
  15 ironbrand convokers
  An ice statue (IceCv)
  2 giant orange brains
  18 necromancers
  A golden dragon skeleton (Depths:4)
  A silver statue (Zig:8)
  4 torturous demonspawn (Pan)
  A death drake (shapeshifter) (Vaults:4)
  16 swamp dragons
  4 unseen horrors
  9 gelid demonspawn (Pan)
  18 putrid demonspawn (Pan)
  Pikel (D:8)
  A tengu zombie (Depths:4)
  A shadow dragon zombie (Crypt:3)
  5 flayed ghosts
  A harpy (shapeshifter) (Vaults:2)
  4 harpies
  A tengu skeleton (Depths:4)
  4 fire giant zombies
  4 wizards
  An oklob plant (D:11)
  A wolf spider zombie (Crypt:3)
  23 deep elf conjurers
  3 iron dragon zombies (Depths:4)
  12 hellions (Pan)
  31 wolf spiders
  2 moths of wrath
  44 ugly things
  2 salamanders (Depths:3)
  12 orc sorcerers
  19 orc knights
  A manticore (shapeshifter) (Depths:2)
  14 shining eyes
  3 stone giant zombies
  10 red wasps
  A shadow dragon skeleton (Depths:2)
  12 griffons
  A guardian serpent (Zig:4)
  3 phantasmal warriors
  12 black mambas
  A water nymph (Zig:3)
  2 cyclopes
  7 manticores
  A shock serpent zombie (Crypt:3)
  14 vault sentinels
  2 naga magi
  17 elephants
  3 frost giant skeletons
  Maurice (D:13)
  6 eyes of devastation
  39 smoke demons (Pan)
  2 stone giant skeletons
  2 fire giant skeletons
  A guardian serpent (shapeshifter) (Vaults:2)
  34 orange demons
  3 torpor snails
  An orange crystal statue (D:15)
  20 sixfirhies
  An elf skeleton (Depths:4)
  A spriggan zombie (Depths:4)
  6 iron devils
  An elephant slug zombie (Crypt:2)
  2 komodo dragons (shapeshifter)
  A kobold demonologist (D:14)
  A spriggan skeleton (Depths:4)
  21 spiny frogs
  3 fire drakes
  A grey draconian zombie (Crypt:1)
  16 hellwings
  57 yaktaurs
  11 blue devils
  10 komodo dragons
  17 demonic crawlers
  3 tormentors
  2 death yak skeletons
  19 deep elf priests
  5 guardian mummies (Zig:7)
  2 golden dragon simulacra (IceCv)
  25 jumping spiders
  A wolf spider simulacrum (IceCv)
  A minotaur zombie (Depths:4)
  5 polar bears (Lair:8)
  A merfolk (Zig:3)
  8 blink frogs
  10 red devils
  6 trolls
  A troll (shapeshifter) (Vaults:3)
  4 freezing wraiths
  9 bog bodies
  A wind drake (shapeshifter) (Vaults:1)
  4 baby alligators (Swamp:3)
  7 fire vortices
  7 giant leeches
  6 wind drakes (WizLab)
  5 tengu conjurers
  A sphinx simulacrum (Depths:2)
  An ettin zombie (Crypt:3)
  26 ravens
  2 baby alligators (shapeshifter)
  167 slime creatures
  37 two-headed ogres
  A fire dragon zombie (Crypt:3)
  A hydra skeleton (D:15)
  An ice dragon zombie (Depths:4)
  The ghost of aredel the Skirmisher, an average GrFi (D:5)
  A frost giant simulacrum (Zig:7)
  A jumping spider zombie (Crypt:1)
  51 air elementals
  6 boulder beetles
  31 deep elf magi
  7 wraiths
  25 ynoxinuls
  2 fire dragon skeletons
  32 trapdoor spiders
  A trapdoor spider (shapeshifter) (D:14)
  A griffon skeleton (D:14)
  7 spriggans
  34 flying skulls
  A redback (shapeshifter) (Elf:2)
  6 shadows
  5 basilisks
  16 golden eyes
  An ice dragon skeleton (Crypt:3)
  2 dire elephant simulacra (IceCv)
  30 redbacks
  4 hungry ghosts
  13 hogs
  3 human skeletons
  Eustachio (D:4)
  3 wyverns
  Grum (D:8)
  35 tarantellas
  2 harpy simulacra (IceCv)
  4 water elementals
  60 deep elf fighters
  21 vampire mosquitoes
  44 yaks
  6 wargs
  An infernal demonspawn zombie (Crypt:1)
  A chaos spawn (Pan)
  A merfolk zombie (Crypt:2)
  2 mottled dragons
  32 swamp worms
  Edmund (D:8)
  11 hippogriffs
  21 wolves
  An ogre zombie (D:14)
  A soldier ant (D:12)
  A naga (shapeshifter) (D:11)
  An iron troll simulacrum (IceCv)
  A fulminant prism (Lair:6)
  26 water moccasins
  8 hydra simulacra (IceCv)
  9 porcupines
  7 neqoxecs (Pan)
  A merfolk skeleton (Crypt:3)
  An alligator simulacrum (IceCv)
  7 necrophages
  A slave (D:8)
  41 spiders
  17 hell hounds
  15 swamp drakes
  8 ice beasts
  15 boggarts
  34 orc warriors
  2 sky beasts
  7 black bears
  A phantom (D:13)
  10 yellow wasps
  20 centaurs
  A boring beetle (Lair:7)
  4 ettin simulacra (IceCv)
  69 ogres
  A snapping turtle skeleton (Crypt:3)
  22 crocodiles
  5 lost souls
  Duvessa (D:6)
  A big kobold (shapeshifter) (Vaults:4)
  4 big kobolds
  A boring beetle (shapeshifter) (Depths:5)
  18 giant frogs
  3 human zombies
  A salamander zombie (Depths:3)
  2 yaktaur zombies
  Blork the orc (D:7)
  A cyclops zombie (D:12)
  A gnoll sergeant (D:6)
  28 insubstantial wisps
  A spiny frog simulacrum (Crypt:1)
  A hell hound skeleton (Depths:3)
  10 scorpions
  A boulder beetle zombie (Vaults:1)
  An eye of draining (shapeshifter) (Elf:1)
  11 eyes of draining
  6 killer bees (D:8)
  A scorpion (shapeshifter) (Depths:2)
  A hippogriff zombie (Crypt:2)
  A raiju zombie (Crypt:2)
  A troll zombie (D:11)
  9 wights
  A polar bear skeleton (Crypt:2)
  2 hippogriff skeletons
  A troll skeleton (Crypt:1)
  6 draconian simulacra (IceCv)
  A human simulacrum (Vaults:1)
  A yak skeleton (D:10)
  4 electric eels
  An orc simulacrum (Vaults:1)
  Dowan (D:6)
  2 goliath beetles (D:11)
  4 crimson imps
  A giant frog zombie (D:9)
  29 hounds
  30 jellies
  38 orc priests
  Crazy Yiuf (D:4)
  4 elf zombies
  4 quasits
  2 giant frog skeletons
  5 iguanas
  3 centaur skeletons
  10 worker ants
  A gnoll shaman (D:6)
  38 orc wizards
  3 spectral orcs (Lair:3)
  Natasha (twice) (D:4)
  A basilisk skeleton (D:14)
  2 troll simulacra (IceCv)
  An iron imp (Hell)
  An orange rat (Elf:1)
  2 wolf simulacra (IceCv)
  A dwarf zombie (Crypt:2)
  Ijyb (D:4)
  A brain worm zombie (D:13)
  11 sheep
  2 spriggan simulacra (IceCv)
  6 mummies
  An ogre simulacrum (IceCv)
  36 adders
  12 gnolls
  63 green rats
  2 naga simulacra (IceCv)
  4 orc zombies
  4 shadow imps
  5 giant mites
  9 white imps (IceCv)
  2 worms
  A giant mite (shapeshifter) (Depths:2)
  18 ufetubi
  An adder skeleton (D:5)
  2 giant eyeballs (Pan)
  3 giant geckos
  An ooze (D:2)
  182 orcs
  6 giant cockroaches
  16 hobgoblins
  15 jackals
  24 quokkas
  A ball python (D:3)
  18 bats
  2 giant gecko skeletons (D:4)
  3 giant newts
  3 giant spores
  3 gnoll skeletons (Ossuary)
  8 goblins
  A goblin skeleton (Crypt:1)
  34 kobolds
  12 kobold skeletons
  2 kobold zombies (D:11)
  14 orc skeletons
  16 rats
  A rat skeleton (D:6)
  A rat zombie (D:5)
  4 ballistomycetes
  A briar patch (Swamp:5)
  6 crawling corpses
  4 fungi
  A grand avatar (Pan)
  5 plants
3608 creatures vanquished.

Vanquished Creatures (collateral kills)
  An orc warlord (Vaults:4)
  A blood saint (Pan)
  A vampire knight (Crypt:3)
  A lorocyproca (Pan)
  An ironheart preserver (Vaults:1)
  A vault guard (Vaults:1)
  2 yaktaur captains
  A green death (Pan)
  A rakshasa (Depths:4)
  An ogre mage (Vaults:3)
  A spriggan (Depths:5)
  A deep troll (Vaults:3)
  3 skeletal warriors
  A torturous demonspawn (Pan)
  A shining eye (Slime:6)
  2 ugly things
  A sixfirhy (Pan)
  A frost giant skeleton (Crypt:1)
  A stone giant skeleton (Depths:4)
  A fire giant skeleton (Depths:4)
  A smoke demon (Pan)
  A yaktaur (Vaults:2)
  2 blue devils (Pan)
  6 slime creatures
  A flying skull (Crypt:3)
  A hill giant zombie (Crypt:2)
  A shadow (Crypt:1)
  A neqoxec (Pan)
  A slave (D:8)
  A yellow wasp (Depths:5)
  2 ogres
  2 elf zombies
  A yellow wasp zombie (Crypt:1)
  6 ufetubi (Pan)
  2 orcs
53 creatures vanquished.

Vanquished Creatures (others)
  A green death (Pan)
  A titan zombie (Crypt:3)
  A torturous demonspawn (Pan)
  A deep elf conjurer (Vaults:3)
  A spiny frog (Swamp:4)
  380 fire vortices
  A slime creature (Slime:2)
  A human (Swamp:5)
  2 slaves (D:8)
  5 lost souls
  A giant frog (Swamp:4)
  A hound (D:8)
  64 fulminant prisms
  An iron imp (Hell)
  A fungus (Lair:4)
  3 plants
465 creatures vanquished.

Grand Total: 4126 creatures vanquished

Notes
Turn   | Place    | Note
--------------------------------------------------------------
     0 | D:1      | clovis, the Demonspawn Conjurer, began the quest for the Orb.
     0 | D:1      | Reached XP level 1. HP: 13/13 MP: 3/3
   768 | D:1      | Gained mutation: You are partially covered in sharp spines. [demonic ancestry]
   768 | D:1      | Reached XP level 2. HP: 5/19 MP: 0/4
  1166 | D:2      | Learned a level 2 spell: Searing Ray
  1471 | D:2      | Gained mutation: You can steal the life force of nearby defeated enemies. [demonic ancestry]
  1471 | D:2      | Reached XP level 3. HP: 21/24 MP: 4/6
  1561 | D:2      | Reached skill level 5 in Conjurations
  1932 | D:2      | Found a basalt altar of Yredelemnul.
  1934 | D:2      | Found a blossoming altar of Fedhas.
  1938 | D:2      | Found a shadowy altar of Dithmenos.
  1938 | D:2      | Found a shattered altar of Ashenzari.
  1939 | D:2      | Found a shimmering altar of Xom.
  1993 | D:3      | Learned a level 3 spell: Dazzling Spray
  2141 | D:3      | Found a sparkling altar of Nemelex Xobeh.
  2153 | D:3      | Reached XP level 4. HP: 30/30 MP: 1/8
  3018 | D:4      | Noticed aredel's ghost (average GrFi)
  3106 | D:4      | Found a staircase to the Ecumenical Temple.
  3137 | Temple   | Entered the Ecumenical Temple
  3186 | Temple   | Became a worshipper of Vehumet
  3602 | D:5      | Entered Level 5 of the Dungeon
  3875 | D:4      | Gained mutation: You are surrounded by a mild repulsion field (EV +2). [demonic ancestry]
  3875 | D:4      | Reached XP level 5. HP: 28/35 MP: 3/12
  4167 | D:4      | Noticed Natasha
  4183 | D:4      | Killed Natasha
  4209 | D:4      | Gained mutation: You can steal the life force of defeated enemies. [demonic ancestry]
  4209 | D:4      | Reached XP level 6. HP: 23/41 MP: 2/15
  4353 | D:4      | Noticed Crazy Yiuf
  4358 | D:4      | Killed Crazy Yiuf
  4383 | D:4      | Learned a level 4 spell: Iskenderun's Mystic Blast
  4575 | D:4      | Noticed Ijyb
  4581 | D:4      | Killed Ijyb
  4587 | D:4      | Reached skill level 5 in Spellcasting
  4806 | D:4      | Noticed Natasha
  4811 | D:4      | Killed Natasha
  4931 | D:4      | Reached skill level 6 in Conjurations
  5133 | D:4      | Noticed Eustachio
  5189 | D:4      | Killed Eustachio
  5189 | D:4      | Gained mutation: You are surrounded by a moderate repulsion field (EV +3). [demonic ancestry]
  5189 | D:4      | Reached XP level 7. HP: 38/46 MP: 2/19
  5410 | D:5      | Acquired Vehumet's first power
  5410 | D:5      | Offered knowledge of Sandblast by Vehumet.
  5493 | D:5      | Noticed an ogre
  5502 | D:5      | Killed an ogre
  5584 | D:5      | Noticed an ogre
  5589 | D:5      | Killed an ogre
  5594 | D:5      | Noticed an ogre
  5627 | D:5      | Killed an ogre
  5733 | D:5      | Found a glowing golden altar of the Shining One.
  5949 | D:5      | Reached skill level 7 in Spellcasting
  6079 | D:5      | Gained mutation: You have a pair of small horns on your head. [demonic ancestry]
  6079 | D:5      | Reached XP level 8. HP: 52/52 MP: 18/23
  6306 | D:5      | Noticed aredel's ghost (average GrFi)
  6319 | D:5      | Killed aredel's ghost
  6781 | D:6      | Offered knowledge of Sting by Vehumet.
  6796 | D:6      | Reached skill level 8 in Spellcasting
  7396 | D:6      | Noticed Duvessa
  7398 | D:6      | Noticed Dowan
  7415 | D:6      | Killed Duvessa
  7425 | D:6      | Killed Dowan
  7567 | D:6      | Gained mutation: You have a pair of horns on your head. [demonic ancestry]
  7567 | D:6      | Reached XP level 9. HP: 57/57 MP: 18/25
  7713 | D:6      | Got a pair of dazzling gloves
  7749 | D:6      | Identified the +2 pair of gloves of Negation {Str+3 Dex+4 Int+2} (You found it on level 6 of the Dungeon)
  7971 | D:6      | Offered knowledge of Mephitic Cloud by Vehumet.
  7976 | D:6      | Learned a level 3 spell: Mephitic Cloud
  8145 | D:6      | Found a sacrificial altar of Ru.
  8192 | D:7      | Noticed Blork the orc
  8276 | D:7      | Acquired Vehumet's second power
  8362 | D:7      | Found a sand-covered staircase.
  8369 | Ossuary  | Entered an ossuary
  8443 | Ossuary  | Offered knowledge of Sticky Flame by Vehumet.
  8449 | Ossuary  | Learned a level 4 spell: Sticky Flame
  8709 | Ossuary  | Reached skill level 9 in Spellcasting
  8862 | D:7      | Acquired Vehumet's third power
  8868 | D:7      | Found Rafeq's Book Boutique.
  8960 | D:7      | Reached skill level 1 in Fighting
  9001 | D:7      | Killed Blork the orc
  9007 | D:7      | Offered knowledge of Stone Arrow by Vehumet.
  9806 | D:8      | Noticed Edmund
  9813 | D:8      | Noticed Pikel
  9827 | D:8      | Killed Edmund
  9943 | D:8      | Killed Pikel
  9943 | D:8      | Reached XP level 10. HP: 42/70 MP: 10/28
 10233 | D:8      | Noticed Erolcha
 10241 | D:8      | Killed Erolcha
 10241 | D:8      | Reached skill level 5 in Stealth
 10241 | D:8      | Reached skill level 10 in Spellcasting
 10278 | D:8      | Noticed Gastronok
 10443 | D:8      | Learned a level 5 spell: Iskenderun's Battlesphere
 10904 | D:8      | Noticed Grum
 10920 | D:8      | Killed Grum
 11681 | D:8      | Reached skill level 10 in Conjurations
 11720 | D:8      | Killed Gastronok
 12001 | D:9      | Found Klaucsig's Book Shop.
 12279 | D:10     | Entered Level 10 of the Dungeon
 12342 | D:10     | Got a transparent cloak
 12353 | D:10     | Identified the +2 cloak of Elissa {rC+ rN+ Str+3 Stlth+} (You found it on level 10 of the Dungeon)
 12445 | D:10     | Reached skill level 5 in Fighting
 12445 | D:10     | Reached XP level 11. HP: 73/79 MP: 30/30
 13071 | D:11     | Found a shimmering altar of Xom.
 13071 | D:11     | Found a staircase to the Orcish Mines.
 13100 | D:11     | Noticed a hill giant
 13110 | D:11     | Noticed a storm dragon
 13111 | D:11     | Killed a hill giant
 13111 | D:11     | Reached skill level 11 in Spellcasting
 13229 | D:11     | Offered knowledge of Airstrike by Vehumet.
 13236 | D:11     | Learned a level 4 spell: Airstrike
 13247 | D:11     | Noticed a centaur warrior
 13253 | D:11     | Killed a centaur warrior
 13514 | D:11     | Reached skill level 1 in Air Magic
 13864 | D:11     | Found a staircase to the Lair.
 14092 | D:11     | Killed an unseen horror
 14395 | D:11     | Learned a level 4 spell: Fulminant Prism
 14447 | Orc:1    | Entered Level 1 of the Orcish Mines
 14720 | Lair:1   | Entered Level 1 of the Lair of Beasts
 14734 | Lair:1   | Reached skill level 12 in Spellcasting
 15114 | Lair:1   | Reached skill level 1 in Hexes
 15738 | Lair:1   | Reached XP level 12. HP: 86/86 MP: 32/32
 15785 | Lair:1   | Offered knowledge of Olgreb's Toxic Radiance by Vehumet.
 16275 | Lair:2   | Noticed a five-headed hydra
 16635 | Orc:3    | Noticed Urug
 16640 | Orc:3    | Killed Urug
 17337 | Orc:1    | Offered knowledge of Freezing Cloud by Vehumet.
 17608 | D:12     | Reached skill level 13 in Spellcasting
 17643 | D:12     | Reached skill level 1 in Charms
 17896 | D:12     | Noticed an eight-headed hydra
 18410 | D:12     | Reached skill level 1 in Evocations
 18672 | D:12     | Killed an eight-headed hydra
 18714 | D:13     | Noticed a centaur warrior
 18721 | D:13     | Killed a centaur warrior
 18832 | D:13     | Noticed Fannar
 18841 | D:13     | Killed Fannar
 18861 | D:13     | Got a warped leather armour
 18881 | D:13     | Identified the +0 leather armour of the Blizzard {rPois} (You found it on level 13 of the Dungeon)
 19420 | D:13     | Gained mutation: You can steal the life force of all defeated enemies in sight. [demonic ancestry]
 19420 | D:13     | Reached XP level 13. HP: 91/91 MP: 31/34
 19757 | D:13     | Noticed a centaur warrior
 19766 | D:13     | Killed a centaur warrior
 19766 | D:13     | Reached skill level 1 in Armour
 20025 | D:13     | Noticed Maurice
 20035 | D:13     | Killed Maurice
 20041 | D:13     | Reached skill level 14 in Spellcasting
 20126 | D:13     | Reached skill level 5 in Dodging
 20558 | Lair:2   | Killed a five-headed hydra
 21873 | Lair:3   | Noticed Nergalle
 21900 | Lair:3   | Killed Nergalle
 22231 | Lair:3   | Offered knowledge of Orb of Destruction by Vehumet.
 22240 | Lair:3   | Learned a level 7 spell: Orb of Destruction
 22296 | Lair:3   | Found a hole to the Spider Nest.
 23303 | Lair:5   | Reached skill level 5 in Evocations
 23649 | Lair:5   | Reached skill level 15 in Spellcasting
 24699 | Lair:6   | Offered knowledge of Poison Arrow by Vehumet.
 25050 | Lair:6   | Upgraded the game from 0.16-a0-967-g37ceb3c to 0.16-a0-1009-g0339a9e
 25283 | Lair:6   | Noticed an azure jelly
 25284 | Lair:6   | Found a viscous altar of Jiyva.
 25293 | Lair:6   | Noticed an azure jelly
 25294 | Lair:6   | Found a staircase to the Slime Pits.
 25294 | Lair:6   | Noticed an azure jelly
 25294 | Lair:6   | Noticed an azure jelly
 25539 | Lair:6   | Found a staircase to the Swamp.
 25600 | Lair:6   | Reached XP level 14. HP: 98/98 MP: 28/36
 26972 | Lair:7   | Offered knowledge of Conjure Ball Lightning by Vehumet.
 27719 | D:14     | Reached skill level 16 in Spellcasting
 27927 | D:14     | Learned a level 6 spell: Bolt of Fire
 28199 | D:14     | Found a gate to the Vaults.
 28353 | D:14     | Reached skill level 1 in Fire Magic
 29114 | D:15     | Entered Level 15 of the Dungeon
 29338 | D:15     | Reached skill level 5 in Charms
 29556 | D:15     | Noticed Harold
 29562 | D:15     | Killed Harold
 29573 | D:15     | Gained mutation: You are surrounded by a strong repulsion field (EV +4, rMsl). [demonic ancestry]
 29573 | D:15     | Reached XP level 15. HP: 93/103 MP: 15/38
 29630 | D:15     | Got a heavily runed jade ring
 29632 | D:15     | Identified the ring of Nolodaud {+/*Tele rC+} (You found it on level 15 of the Dungeon)
 29916 | D:15     | Reached skill level 1 in Shields
 30068 | D:15     | Offered knowledge of Ozocubu's Refrigeration by Vehumet.
 30444 | D:15     | Noticed Louise
 30557 | D:15     | Killed Louise
 30727 | D:15     | Found a staircase to the Depths.
 30732 | D:15     | Reached skill level 17 in Spellcasting
 31196 | Orc:4    | Entered Level 4 of the Orcish Mines
 31219 | Orc:4    | Noticed Nessos
 31390 | Orc:4    | Killed Nessos
 31687 | Orc:4    | Found a staircase to the Elven Halls.
 32031 | Orc:4    | Offered knowledge of Fire Storm by Vehumet.
 32031 | Orc:4    | Offered knowledge of Shatter by Vehumet.
 32031 | Orc:4    | Offered knowledge of Chain Lightning by Vehumet.
 32057 | Orc:4    | Found Joerchye's Armour Emporium.
 32070 | Orc:4    | Found Acoffag's General Store.
 32071 | Orc:4    | Found Ocheaf's Jewellery Boutique.
 32071 | Orc:4    | Found Boaryuz's Magic Scroll Emporium.
 32143 | Orc:4    | Bought a +2 robe of the Archmagi for 527 gold pieces
 32188 | Orc:4    | Bought a scroll of amnesia for 49 gold pieces
 32205 | Orc:4    | Bought a +5 ring of intelligence for 741 gold pieces
 32806 | Spider:1 | Entered Level 1 of the Spider Nest
 32915 | Spider:1 | Noticed Frances
 32946 | Spider:1 | Killed Frances
 33494 | Spider:2 | Found a frozen archway.
 33556 | IceCv    | Entered an ice cave
 33911 | IceCv    | Reached skill level 5 in Fire Magic
 34270 | IceCv    | Noticed an Ice Fiend
 34410 | IceCv    | Killed an Ice Fiend
 34647 | IceCv    | Reached XP level 16. HP: 111/111 MP: 39/39
 34738 | Spider:2 | Gained mutation: You have sharp fingernails. [potion of beneficial mutation]
 35053 | Spider:2 | Noticed Arachne
 35438 | Spider:2 | Killed Arachne
 36057 | Spider:3 | Noticed Rupert
 36073 | Spider:3 | Killed Rupert
 36439 | Spider:3 | Reached skill level 5 in Shields
 37454 | Spider:4 | Noticed Wiglaf
 37748 | Spider:4 | Killed Wiglaf
 37784 | Spider:4 | Learned a level 9 spell: Fire Storm
 37808 | Spider:4 | Got a faintly glowing shield
 37812 | Spider:4 | Noticed Roxanne
 37860 | Spider:4 | Killed Roxanne
 37924 | Spider:4 | Identified the +2 shield of Skanirgh {rElec rC+ Str-1} (You took it off Wiglaf on level 4 of the Spider Nest)
 38951 | Swamp:1  | Entered Level 1 of the Swamp
 40508 | Swamp:2  | Reached skill level 10 in Fire Magic
 40986 | Swamp:3  | Got a wizard robe
 40991 | Swamp:3  | Identified the +2 robe of Philately {Int+4} (You found it on level 3 of the Swamp)
 41374 | Swamp:3  | Got a flickering tin ring
 41376 | Swamp:3  | Identified the ring of Xeobibi {Dex+4 Int+2 SInv} (You found it on level 3 of the Swamp)
 42805 | Swamp:4  | Gained mutation: You are mostly covered in sharp spines. [demonic ancestry]
 42805 | Swamp:4  | Reached XP level 17. HP: 90/120 MP: 26/39
 44140 | Lair:8   | Entered Level 8 of the Lair of Beasts
 44240 | Lair:8   | Reached skill level 5 in Hexes
 44507 | Lair:8   | Gained mutation: You possess an exceptional clarity of mind. [potion of beneficial mutation]
 45096 | Lair:8   | Identified the Collected Works on Shifting Evil Magic (You found it on level 8 of the Lair of Beasts)
 46402 | Lair:8   | Reached skill level 5 in Air Magic
 46665 | Lair:2   | Learned a level 6 spell: Haste
 46926 | Depths:1 | Entered Level 1 of the Depths
 48356 | Depths:1 | Gained mutation: You are completely covered in sharp spines. [demonic ancestry]
 48356 | Depths:1 | Reached XP level 18. HP: 121/131 MP: 7/40
 48583 | Depths:1 | Found a gateway to Hell.
 48635 | Depths:1 | Found a sparkling altar of Nemelex Xobeh.
 49044 | Depths:2 | Found a gateway to a ziggurat.
 49056 | Depths:2 | Got a smoking cutlass
 49057 | Depths:2 | Identified the +5 cutlass of Destiny {slice, Contam +Inv rF+ Int+2} (You found it on level 2 of the Depths)
 49073 | Depths:2 | Gained mutation: You are frail (-10% HP). [mutagenic glow]
 50546 | Depths:2 | Found a gateway to Hell.
 50955 | Depths:2 | Reached skill level 18 in Spellcasting
 52213 | Depths:2 | Paralysed by a vampire knight for 2 turns
 52649 | Depths:2 | Gained mutation: Your flesh is heat resistant. [demonic ancestry]
 52649 | Depths:2 | Reached XP level 19. HP: 126/126 MP: 41/41
 52894 | Depths:2 | Upgraded the game from 0.16-a0-1009-g0339a9e to 0.16-a0-1029-gdfc7942
 53003 | Depths:3 | Found Crofuo's General Store.
 53242 | Depths:3 | Found a gateway to Hell.
 53278 | Depths:3 | Reached skill level 15 in Conjurations
 53411 | Depths:3 | Reached skill level 10 in Fighting
 53714 | Depths:3 | Found a one-way gate leading to the halls of Pandemonium.
 53805 | Depths:3 | Noticed Mara
 55143 | Depths:3 | Identified a +5 rod of clouds (10/10) (You took it off a wizard on level 3 of the Depths)
 55652 | Lair:2   | Learned a level 6 spell: Invisibility
 55773 | Elf:1    | Entered Level 1 of the Elven Halls
 57170 | Elf:1    | Found Reesmoed's Antique Armour Shop.
 57286 | Elf:1    | Bought a thick robe for 114 gold pieces
 57286 | Elf:1    | Bought a glowing buckler for 90 gold pieces
 57335 | Elf:1    | Identified the +2 robe of Oblivion {rElec rPois rN+ Slay-4} (You bought it in a shop on level 1 of the Elven Halls)
 58228 | Elf:2    | Found Soicaig's Antique Armour Shoppe.
 58292 | Elf:2    | Bought a brightly glowing cloak for 294 gold pieces
 58463 | Elf:2    | Identified the +2 cloak of the Evil One {rN+} (You bought it in a shop on level 2 of the Elven Halls)
 58918 | Elf:2    | Reached skill level 19 in Spellcasting
 59803 | Elf:2    | Reached XP level 20. HP: 132/132 MP: 35/42
 60933 | Spider:5 | Entered Level 5 of the Spider Nest
 62365 | Spider:5 | Reached skill level 15 in Fire Magic
 63127 | Spider:5 | Got a gossamer rune of Zot
 63928 | Swamp:5  | Entered Level 5 of the Swamp
 63929 | Swamp:5  | Noticed Jorgrun
 63937 | Swamp:5  | Noticed Kirke
 63940 | Swamp:5  | Killed Jorgrun
 64687 | Swamp:5  | Killed Kirke
 65076 | Swamp:5  | Noticed the 27-headed Lernaean hydra
 65570 | Swamp:5  | Killed the 27-headed Lernaean hydra
 65898 | Swamp:5  | Got a decaying rune of Zot
 66986 | Vaults:1 | Entered Level 1 of the Vaults
 66990 | Vaults:1 | Noticed Saint Roka
 67575 | Elf:3    | Entered Level 3 of the Elven Halls
 67649 | Elf:3    | Found a magical portal.
 67674 | WizLab   | Entered The Chambers of Qemam the Cloud Mage
 67853 | WizLab   | Reached XP level 21. HP: 125/137 MP: 24/43
 68502 | WizLab   | Identified Sif Muna's Collected Works on Lightness
 68516 | WizLab   | Identified the Grimoire of Helpful Weightlessness
 69739 | Lair:2   | Learned a level 8 spell: Chain Lightning
 69905 | D:7      | Bought a manual of Air Magic for 1766 gold pieces
 71073 | Elf:3    | Reached skill level 10 in Stealth
 71270 | Elf:3    | Reached skill level 20 in Spellcasting
 71323 | Elf:3    | Got a slimy iron amulet
 71325 | Elf:3    | Identified the amulet "Zafruiph" {Gourm rF+ SInv} (You found it on level 3 of the Elven Halls)
 71598 | Elf:3    | Identified the Guide on Sinister Rituals and Conjuration
 71663 | Elf:3    | Got a steaming tin ring
 71666 | Elf:3    | Identified the ring of Bituicad {rN+ Dex+2 Int+2} (You found it on level 3 of the Elven Halls)
 72230 | Lair:6   | Killed an azure jelly
 72232 | Lair:6   | Killed an azure jelly
 72232 | Lair:6   | Killed an azure jelly
 72234 | Lair:6   | Killed an azure jelly
 72296 | Slime:1  | Entered Level 1 of the Pits of Slime
 73438 | Slime:2  | Reached skill level 10 in Dodging
 73654 | Slime:2  | Gained mutation: You are clumsy. (Dex -2) [a shining eye]
 76073 | Slime:4  | Reached XP level 22. HP: 131/143 MP: 30/44
 77606 | Slime:6  | Entered Level 6 of the Pits of Slime
 78476 | Slime:6  | Found a viscous altar of Jiyva.
 78478 | Slime:6  | Noticed the royal jelly
 78492 | Slime:6  | Gained mutation: Your spells are a little easier to cast, but a little less powerful. [mutagenic glow]
 78544 | Slime:6  | Killed the royal jelly
 78773 | Slime:6  | Got a smoking scimitar
 78774 | Slime:6  | Identified the cursed +1 scimitar "Caamm" {drain, +Blink MR+ Stlth-} (You found it on level 6 of the Pits of Slime)
 78956 | Slime:6  | Got a transparent wooden ring
 78962 | Slime:6  | Identified the ring "Hiypnewn" {Contam rN+ Slay+4} (You found it on level 6 of the Pits of Slime)
 78978 | Slime:6  | Got a dazzling battleaxe
 79008 | Slime:6  | Got a glittering bronze amulet
 79010 | Slime:6  | Identified the amulet "Seuwn" {SInv Stlth--} (You found it on level 6 of the Pits of Slime)
 79062 | Slime:6  | Identified the +11 battleaxe of Terror {vamp, Int+3} (You found it on level 6 of the Pits of Slime)
 79065 | Slime:6  | Got a slimy rune of Zot
 79068 | Slime:6  | Got a heavily runed chain mail
 79069 | Slime:6  | Identified the +5 chain mail of Grot {Dex+3 Int+5 Curse} (You found it on level 6 of the Pits of Slime)
 79074 | Slime:6  | Got an encrusted leather armour
 79087 | Slime:6  | Identified the +3 leather armour of Misanthropy {Str+3 Dex+3 Int+4} (You found it on level 6 of the Pits of Slime)
 79088 | Slime:6  | Got a glittering silver amulet
 79090 | Slime:6  | Identified the amulet of Gluttony {rC+ Str+2} (You found it on level 6 of the Pits of Slime)
 79111 | Slime:6  | Gained mutation: You are very frail (-20% HP). [mutagenic glow]
 79630 | Vaults:1 | Killed Saint Roka
 80584 | Vaults:1 | Found Cufuac's Gadget Boutique.
 81159 | Vaults:1 | Reached skill level 10 in Air Magic
 81517 | Vaults:1 | Gained mutation: You have a pair of large horns on your head. [demonic ancestry]
 81517 | Vaults:1 | Reached XP level 23. HP: 132/132 MP: 14/45
 81753 | Vaults:1 | Got a smoking quarterstaff
 81754 | Vaults:1 | Identified the +0 quarterstaff "Sanwama" {crush, *Rage rPois rC+ SInv} (You took it off an orc on level 1 of the Vaults)
 81901 | Vaults:1 | Identified the Incunabulum of Entrancing Companions
 82451 | Vaults:1 | Reached skill level 21 in Spellcasting
 83832 | Vaults:2 | Found a staircase to the Crypt.
 88046 | Vaults:4 | Found Gucs' Weapon Shop.
 88770 | Vaults:4 | Reached XP level 24. HP: 137/137 MP: 11/45
 89369 | Vaults:4 | Found Psiekioss' Distillery.
 89375 | Vaults:4 | Bought a potion of cure mutation for 665 gold pieces
 89377 | Vaults:4 | Lost mutation: You are clumsy. (Dex -2) [potion of cure mutation]
 89377 | Vaults:4 | Lost mutation: You have sharp fingernails. [potion of cure mutation]
 89377 | Vaults:4 | Lost mutation: You possess an exceptional clarity of mind. [potion of cure mutation]
 89377 | Vaults:4 | Lost mutation: You are very frail (-20% HP). [potion of cure mutation]
 89407 | Vaults:4 | Found Suicwumore's Armour Shoppe.
 90513 | Hell     | Entered the Vestibule of Hell
 90516 | Hell     | Noticed Geryon
 90974 | Depths:3 | Killed Mara
 92013 | Depths:4 | Noticed Sojobo
 92017 | Depths:4 | Killed Sojobo
 92854 | Depths:4 | Reached skill level 5 in Armour
 93814 | Depths:4 | Found a gateway to Hell.
 94218 | Depths:4 | Found a one-way gate to the infinite horrors of the Abyss.
 94366 | Depths:4 | Got a shimmering robe
 94377 | Depths:4 | Identified the +1 robe "Decuc" {Dex+2 Int+3} (You found it on level 4 of the Depths)
 94873 | Depths:4 | Reached skill level 22 in Spellcasting
 94926 | Depths:4 | Identified the Incunabulum of Black Secrets
 94982 | Depths:4 | Gained mutation: You are immune to clouds of flame. [demonic ancestry]
 94982 | Depths:4 | Reached XP level 25. HP: 159/159 MP: 27/46
 95192 | Depths:4 | Got a transparent demon blade
 95193 | Depths:4 | Identified the +3 demon blade of Doubt {venom, Dex+3} (You found it on level 4 of the Depths)
 95416 | Depths:5 | Entered Level 5 of the Depths
 96245 | D:9      | Bought a book of the Sky for 910 gold pieces
 96256 | D:9      | Learned a level 9 spell: Tornado
 98013 | Crypt:1  | Entered Level 1 of the Crypt
 98415 | Crypt:1  | Got a slimy ring mail
 98416 | Crypt:1  | Identified the +4 ring mail of the Spheres {MR++} (You found it on level 1 of the Crypt)
 98665 | Crypt:1  | Reached skill level 10 in Evocations
 99408 | Crypt:1  | Got a warped chain mail
 99414 | Crypt:1  | Identified the +2 chain mail "Foed" {Dex-2} (You found it on level 1 of the Crypt)
100846 | Crypt:3  | Entered Level 3 of the Crypt
101277 | Crypt:3  | Noticed Agnes
101280 | Crypt:3  | Killed Agnes
101989 | Crypt:3  | Found a staircase to the Tomb.
103384 | Crypt:3  | Noticed Margery
103389 | Crypt:3  | Killed Margery
103826 | Crypt:3  | Noticed an ancient lich
103830 | Crypt:3  | Killed an ancient lich
104090 | Crypt:3  | Found a basalt altar of Yredelemnul.
104269 | Crypt:3  | Got a brightly glowing jade ring
104271 | Crypt:3  | Identified the ring of Suicidal Tendencies {rElec rC- rN+ Dex+3 Slay+3} (You took it off a hell knight on level 3 of the Crypt)
104318 | Crypt:3  | Gained mutation: You can hurl blasts of hellfire. [demonic ancestry]
104318 | Crypt:3  | Reached XP level 26. HP: 165/165 MP: 29/47
105123 | Pan      | Entered Pandemonium
105130 | Pan      | Noticed Koexeum the pandemonium lord
105131 | Pan      | Killed Koexeum the pandemonium lord
105289 | Pan      | Upgraded the game from 0.16-a0-1029-gdfc7942 to 0.16-a0-1065-g6dfd42a
105366 | Pan      | Reached skill level 23 in Spellcasting
105725 | Pan      | Reached skill level 1 in Short Blades
105777 | Pan      | Reached skill level 15 in Air Magic
106386 | Pan      | Found an exit through the horrors of the Abyss.
107348 | Pan      | Identified a scroll of acquirement
107780 | Pan      | Learned a level 3 spell: Abjuration
108037 | Pan      | Gained mutation: You evolve. [a neqoxec]
108422 | Pan      | Found an exit through the horrors of the Abyss.
109016 | Pan      | Reached skill level 5 in Short Blades
109157 | Pan      | Lost mutation: Your spells are a little easier to cast, but a little less powerful. [evolution]
109683 | Pan      | Noticed Kaliod the pandemonium lord
109701 | Pan      | Killed Kaliod the pandemonium lord
109895 | Pan      | Got an encrusted scimitar
109897 | Pan      | Identified the cursed -2 scimitar of Dishonesty {slice, rF+ Int+4 SInv} (You found it in Pandemonium)
109942 | Pan      | Noticed Psuweu the pandemonium lord
109944 | Pan      | Killed Psuweu the pandemonium lord
110085 | Pan      | Found an exit through the horrors of the Abyss.
111476 | Pan      | Noticed Mneruewn the pandemonium lord
111489 | Pan      | Killed Mneruewn the pandemonium lord
111622 | Pan      | Reached XP level 27. HP: 171/171 MP: 40/48
112789 | Pan      | Upgraded the game from 0.16-a0-1065-g6dfd42a to 0.16-a0-1083-g6a3eec8
112959 | Pan      | Noticed Kiufrum the pandemonium lord
113245 | Pan      | Killed Kiufrum the pandemonium lord
113500 | Pan      | Found an exit through the horrors of the Abyss.
113876 | Pan      | Found a gateway to a ziggurat.
114253 | Zig:1    | Entered Level 1 of a ziggurat
114273 | Zig:2    | Entered Level 2 of a ziggurat
114343 | Zig:3    | Entered Level 3 of a ziggurat
114375 | Zig:4    | Entered Level 4 of a ziggurat
114405 | Zig:5    | Entered Level 5 of a ziggurat
114407 | Zig:5    | Reached skill level 24 in Spellcasting
114427 | Zig:5    | Got a smoking leather armour
114438 | Zig:5    | Identified the +2 leather armour of Tenacity {rF+ rC+ Slay+2} (You found it on level 5 of a ziggurat)
114453 | Zig:6    | Entered Level 6 of a ziggurat
114472 | Zig:6    | Identified Borgnjor's Grimoire of Sinister Rituals
114586 | Zig:7    | Entered Level 7 of a ziggurat
114780 | Zig:8    | Entered Level 8 of a ziggurat
114815 | Zig:8    | Identified the Almanac of Attacks (You found it on level 8 of a ziggurat)
114826 | Zig:8    | Got a flickering turquoise ring
114841 | Zig:8    | Identified the ring "Poxkiluitz" {Ice Str+1} (You found it on level 8 of a ziggurat)
114877 | Zig:9    | Entered Level 9 of a ziggurat
115024 | Zig:10   | Entered Level 10 of a ziggurat
115103 | Zig:10   | Killed from afar by a hellion

Action                   |  1- 3 |  4- 6 |  7- 9 | 10-12 | 13-15 | 16-18 | 19-21 | 22-24 | 25-27 || total
-------------------------+-------+-------+-------+-------+-------+-------+-------+-------+-------++-------
Melee: Dagger            |    20 |       |       |       |       |       |     2 |     1 |       ||    23
       Quarterstaff      |       |     4 |    42 |    59 |    59 |       |       |       |       ||   164
       Staff             |       |       |       |     1 |    77 |   106 |   102 |   120 |    12 ||   418
       Rod               |       |       |       |       |       |       |       |     3 |       ||     3
       Quick blade       |       |       |       |       |       |       |       |       |   651 ||   651
       Unarmed           |       |       |       |       |       |       |       |       |    64 ||    64
Throw: Javelin           |       |       |     6 |       |       |       |       |       |       ||     6
       Tomahawk          |       |       |     1 |       |       |       |       |       |       ||     1
 Cast: Magic Dart        |    96 |    96 |   266 |   484 |   566 |   310 |   270 |    89 |    96 ||  2273
       Searing Ray       |       |    20 |    33 |    80 |    23 |       |       |       |       ||   156
       Dazzling Spray    |       |     7 |    23 |    92 |    61 |    51 |    42 |     6 |    18 ||   300
       Iskenderun's Myst |       |     5 |    29 |    89 |   228 |   176 |    67 |       |       ||   594
       Mephitic Cloud    |       |       |     1 |    41 |    47 |    12 |     9 |       |       ||   110
       Sticky Flame      |       |       |       |    15 |    25 |       |       |       |       ||    40
       Iskenderun's Batt |       |       |       |     7 |    74 |    49 |    64 |    31 |    23 ||   248
       Fulminant Prism   |       |       |       |    19 |    20 |    28 |       |       |       ||    67
       Airstrike         |       |       |       |    11 |    65 |    51 |    57 |    45 |    17 ||   246
       Orb of Destructio |       |       |       |       |    56 |   135 |   106 |   105 |   286 ||   688
       Bolt of Fire      |       |       |       |       |   108 |   359 |   607 |   454 |   196 ||  1724
       Invisibility      |       |       |       |       |       |       |     8 |     3 |     4 ||    15
       Haste             |       |       |       |       |       |       |     1 |     1 |     6 ||     8
       Chain Lightning   |       |       |       |       |       |       |     1 |    10 |     4 ||    15
       Fire Storm        |       |       |       |       |       |       |       |   151 |   148 ||   299
       Tornado           |       |       |       |       |       |       |       |       |     2 ||     2
 Abil: Evoke Teleport Co |       |       |       |       |       |       |       |     1 |     1 ||     2
Evoke: Wand              |       |     2 |     4 |    11 |    16 |    41 |    21 |     9 |     7 ||   111
       Staff of energy   |       |       |       |       |   318 |   207 |    93 |    58 |    68 ||   744
       Rod               |       |       |       |       |       |       |     1 |     4 |     1 ||     6
       Stone of tremors  |       |       |       |       |       |       |     1 |       |       ||     1
       Fan of gales      |       |       |       |       |       |       |       |     1 |     1 ||     2
       Lamp of fire      |       |       |       |       |       |       |       |     1 |     1 ||     2
       Deck              |       |       |       |       |       |       |       |     2 |       ||     2
       Phial of floods   |       |       |       |       |       |       |       |       |     1 ||     1
  Use: Scroll            |       |     7 |    11 |    14 |    13 |     8 |    10 |    10 |    23 ||    96
       Potion            |       |       |       |       |       |     3 |     2 |     1 |    16 ||    22
 Stab: Sleeping          |       |     1 |     1 |     4 |       |     1 |     1 |     1 |    11 ||    20
       Invisible         |       |       |     2 |     2 |       |       |     3 |       |     2 ||     9
       Confused          |       |       |       |     5 |       |       |       |       |       ||     5
       Paralysed         |       |       |       |     1 |       |     7 |       |       |       ||     8
       Distracted        |       |       |       |       |       |       |       |       |     4 ||     4
  Eat: Chunk             |     5 |    11 |    16 |    27 |    57 |    61 |    47 |    35 |    16 ||   275
       Beef jerky        |       |       |     1 |       |     1 |     3 |     4 |     5 |       ||    14
       Pizza             |       |       |       |     1 |     3 |       |     2 |       |     1 ||     7
       Fruit             |       |       |       |       |     3 |       |       |       |       ||     3
       Meat ration       |       |       |       |       |       |       |     1 |       |     2 ||     3
       Bread ration      |       |       |       |       |       |       |     4 |     5 |     9 ||    18
       Royal jelly       |       |       |       |       |       |       |       |       |     2 ||     2
